 Dungeon Sprint DCSS version 0.20-a0-833-gc632bec (webtiles) character file.

9427 Kidiri the Eclecticist (level 11, -1/72 HPs)
             Began as a Deep Elf Fire Elementalist on Mar 7, 2017.
             Was the Champion of Vehumet.
             Slain by Rupert
             ... wielding a +3 triple sword of holy wrath
              (16 damage)
             ... in the Dungeon (Sprint III: "The Ten Rune Challenge").
             The game lasted 00:16:11 (3379 turns).

Kidiri the Eclecticist (Deep Elf Fire Elementalist) Turns: 3379, Time: 00:16:11

Health: -1/72      AC:  5    Str:  5    XL:     11   Next: 22%
Magic:  34/34      EV: 19    Int: 24    God:    Vehumet [******]
Gold:   32         SH:  0    Dex: 17    Spells: 5/44 levels left

rFire    . . .     SeeInvis .   k - +0 dagger
rCold    . . .     Gourm    .   a - +0 robe
rNeg     . . .     Faith    .   (no shield)
rPois    .         Spirit   .   (no helmet)
rElec    .         Reflect  .   (no cloak)
rCorr    .         Harm     .   (no gloves)
MR       +....     NoTele   +   l - +0 pair of boots
Stlth    +++.......             (no amulet)
Regen    0.3/turn               (no ring)
MPRegen  0.3/turn               (no ring)

@: no status effects
A: molten scales 1, thin skeletal structure 1, robust 1
a: Renounce Religion


You were in the Dungeon.
You worshipped Vehumet.
Vehumet was exalted by your worship.
You were not hungry.

You visited 1 branch You collected 32 gold pieces.

Inventory:

Hand Weapons
 k - a +0 dagger (weapon)
Armour
 a - a +0 robe (worn)
 l - a +0 pair of boots (worn)
Wands
 d - a wand of confusion (29/48)
 e - a wand of iceblast (8/15)
Scrolls
 j - 2 scrolls of remove curse
Potions
 b - a potion of ambrosia {unknown}
 g - 2 potions of magic
 h - a potion of berserk rage
 i - a potion of lignification {unknown}
 o - a potion of resistance
 r - a potion of flight {unknown}
Comestibles
 c - 2 bread rations
 f - 29 royal jellies
 m - a chunk of flesh


   Skills:
 + Level 6.8 Fighting
 + Level 8.1 Short Blades
 + Level 6.6 Armour
 + Level 9.9 Dodging
 - Level 2.4 Stealth
 * Level 17.0 Spellcasting
 + Level 10.6 Conjurations
 + Level 11.1 Fire Magic
 + Level 7.1 Ice Magic
 + Level 3.7 Air Magic
 + Level 4.5 Earth Magic
 + Level 6.5 Poison Magic
 + Level 6.9 Evocations


You had 5 spell levels left.
You knew the following spells:

 Your Spells              Type           Power        Failure   Level  Hunger
a - Flame Tongue          Conj/Fire      #####        1%          1    None
b - Throw Flame           Conj/Fire      ######       1%          2    None
c - Conjure Flame         Conj/Fire      ######..     1%          3    None
d - Inner Flame           Hex/Fire       #####...     1%          3    None
e - Sticky Flame          Conj/Fire      ######..     1%          4    None
f - Fireball              Conj/Fire      ######....   1%          5    None
g - Freeze                Ice            ####         1%          1    None
h - Throw Frost           Conj/Ice       ######       1%          2    None
i - Ignite Poison         Fire/Tmut/Pois #####...     1%          3    None
j - Iron Shot             Conj/Erth      ######....   5%          6    ####...
k - Airstrike             Air            #####.....   1%          4    None
l - Lightning Bolt        Conj/Air       ######....   1%          5    None


Dungeon Overview and Level Annotations

Branches:
Dungeon (1/1)

Altars:
Cheibriados
Dithmenos
Elyvilon
Fedhas
Gozag
Hepliaklqana
Kikubaaqudgha
Makhleb
Nemelex Xobeh
Okawaru
Qazlal
Ru
Sif Muna
Trog
Uskayaw
Vehumet
Wu Jian
Xom
Yredelemnul
Zin
The Shining One
Beogh
Jiyva
Lugonu

Annotations:
D exclusion: 2 doors, Rupert


Innate Abilities, Weirdness & Mutations

You are partially covered in molten scales. (AC +2)
You have a somewhat thin skeletal structure. (Dex +2, Stealth)
You are robust. (+10% HP)


Message History

Rupert roars madly and goes into a rage!
Rupert goes berserk!
Rupert rages.
You enter the shallow water.
Moving in this stuff is going to be slow.
Rupert hits you with a triple sword of holy wrath!
Rupert barely misses you.
You enter the shallow water.
Moving in this stuff is going to be slow.
Rupert rages.
There is an open door here.
Rupert misses you.
Rupert hits you with a triple sword of holy wrath!!!
Ouch! That really hurt!
* * * LOW HITPOINT WARNING * * *
Unknown command.
Okay, then.
You open the door.
Rupert hits you with a triple sword of holy wrath!
You die...

..##.%###....#.⌠.#__#...#+#######
.##...##.....#...#__#...#....#.#.
##....#......#+###__#...##.#).#.#
##..##.#.....#):.#__#...+##)#)#.#
#..#####....#___#__+...#.%.#..#.
▓▓▓▓▓▓▓▓▓▓▓▓▓▓▓▓▓▓▓▓▓▓▓▓▓▓▓▓▓▓▓▓▓
+.≈≈§§§.§≈♣♣.....♣...≈≈≈........≈
#≈≈§§§§≈≈.♣♣.≈≈≈≈'..'.≈≈≈≈≈≈≈≈≈≈≈
#≈≈≈§§.§≈≈≈'...@@#.≈...♣♣♣♣♣♣♣♣♣♣
#≈≈≈≈§§§≈≈♣♣♣♣♣♣♣#....♣.♣
#≈≈≈§§§§≈≈♣ ###'♣♣♣♣♣ ####'######
♣♣♣♣.##.)## .... ♣...##.##.#
###### ♣♣.##(##.##+ ♣..#.##...#
♣♣.##÷##..# ♣♣.##.#####


You could see Rupert (berserk).

Vanquished Creatures
  Erolcha (D)
  Urug (D)
  A lindwurm (D)
  A deep elf mage (D)
  2 spiny frogs (D)
  A rime drake (D)
  A komodo dragon (D)
  3 wandering mushrooms (D)
  A queen bee (D)
  2 tyrant leeches (D)
  5 blink frogs (D)
  5 redbacks (D)
  A shadow (D)
  A spatial vortex (D)
  A swamp drake (D)
  A necrophage (D)
  5 two-headed ogres (D)
  A water elemental (D)
  A scorpion (D)
  32 killer bees (D)
  A jelly (D)
  A wizard (D)
  A necromancer (D)
  3 humans (D)
  A kobold demonologist (D)
  4 rats (D)
  2 ballistomycetes (D)
80 creatures vanquished.

Vanquished Creatures (others)
  2 draconian scorchers (D)
  2 hydras (D)
  6 hellions (D)
  2 yaktaurs (D)
  An electric eel (D)
  A ballistomycete spore (D)
  3 plants (D)
17 creatures vanquished.

Grand Total: 97 creatures vanquished

Notes
Turn   | Place    | Note
-------+----------+-------------------------------------------
     0 | D        | Kidiri the Deep Elf Fire Elementalist began the quest for the Orb.
     0 | D        | Reached XP level 1. HP: 10/10 MP: 6/6
    48 | D        | Reached skill level 4 in Spellcasting
    80 | D        | Killed a hellion
    81 | D        | Killed a hellion
    87 | D        | Noticed a scorpion
    99 | D        | Killed a scorpion
    99 | D        | Reached skill level 7 in Spellcasting
    99 | D        | Reached skill level 5 in Fire Magic
    99 | D        | Reached XP level 2. HP: 13/15 MP: 2/12
    99 | D        | Reached XP level 3. HP: 17/19 MP: 2/13
   107 | D        | Learned a level 2 spell: Throw Flame
   111 | D        | Learned a level 3 spell: Conjure Flame
   114 | D        | Killed a hellion
   115 | D        | Learned a level 3 spell: Inner Flame
   116 | D        | Killed a hellion
   138 | D        | Killed a hellion
   197 | D        | Reached XP level 4. HP: 24/24 MP: 2/15
   203 | D        | Learned a level 4 spell: Sticky Flame
   218 | D        | Killed a white draconian scorcher
   222 | D        | Gained mutation: Your spells are a little harder to cast, but a little more powerful. [potion of mutation]
   222 | D        | Gained mutation: Your spells are harder to cast, but more powerful. [potion of mutation]
   223 | D        | Lost mutation: Your spells are harder to cast, but more powerful. [potion of mutation]
   223 | D        | Gained mutation: You have a pair of small horns on your head. [potion of mutation]
   223 | D        | Gained mutation: Your body sometimes deteriorates upon taking damage. [potion of mutation]
   223 | D        | Gained mutation: You are weak. (Str -2) [potion of mutation]
   223 | D        | Gained mutation: You have a somewhat thin skeletal structure. (Dex +2, Stealth) [potion of mutation]
   224 | D        | Lost mutation: Your body sometimes deteriorates upon taking damage. [potion of mutation]
   224 | D        | Lost mutation: You have a pair of small horns on your head. [potion of mutation]
   224 | D        | Lost mutation: Your spells are a little harder to cast, but a little more powerful. [potion of mutation]
   224 | D        | Lost mutation: You are weak. (Str -2) [potion of mutation]
   224 | D        | Gained mutation: You are partially covered in molten scales. (AC +2) [potion of mutation]
   224 | D        | Gained mutation: You are robust. (+10% HP) [potion of mutation]
   245 | D        | Killed a white draconian scorcher
   283 | D        | Killed a yaktaur
   287 | D        | Noticed a water elemental
   291 | D        | Killed a water elemental
   291 | D        | Reached skill level 9 in Spellcasting
   291 | D        | Reached skill level 5 in Conjurations
   313 | D        | Killed a hellion
   341 | D        | Found a radiant altar of Vehumet.
   342 | D        | Found a deep blue altar of Sif Muna.
   342 | D        | Found an ancient bone altar of Kikubaaqudgha.
   342 | D        | Noticed a wizard
   343 | D        | Killed a wizard
   343 | D        | Reached skill level 10 in Spellcasting
   343 | D        | Reached XP level 5. HP: 30/30 MP: 13/19
   359 | D        | Learned a level 5 spell: Fireball
   364 | D        | Became a worshipper of Vehumet
   406 | D        | Found a glowing silver altar of Zin.
   407 | D        | Found a glowing golden altar of the Shining One.
   407 | D        | Found a white marble altar of Elyvilon.
   407 | D        | Noticed a deep elf mage
   414 | D        | Killed a deep elf mage
   414 | D        | Reached skill level 5 in Dodging
   414 | D        | Reached skill level 12 in Spellcasting
   414 | D        | Reached XP level 6. HP: 39/39 MP: 16/23
   414 | D        | Reached XP level 7. HP: 44/44 MP: 16/24
   454 | D        | Found a hide-covered altar of Uskayaw.
   454 | D        | Found a roughly hewn altar of Beogh.
   454 | D        | Found an iron altar of Okawaru.
   454 | D        | Found a bloodstained altar of Trog.
   454 | D        | Found an ornate altar of the Wu Jian Council.
   454 | D        | Noticed a human
   456 | D        | Noticed a human
   464 | D        | Killed a human
   466 | D        | Killed a human
   466 | D        | Reached * piety under Vehumet
   466 | D        | Offered knowledge of Freeze by Vehumet.
   466 | D        | Reached skill level 13 in Spellcasting
   469 | D        | Learned a level 1 spell: Freeze
   553 | D        | Found a basalt altar of Yredelemnul.
   553 | D        | Found a shadowy altar of Dithmenos.
   553 | D        | Found a sacrificial altar of Ru.
   706 | D        | Reached ** piety under Vehumet
   706 | D        | Offered knowledge of Throw Frost by Vehumet.
   711 | D        | Learned a level 2 spell: Throw Frost
   738 | D        | Noticed a shadow
   748 | D        | Killed a shadow
   748 | D        | Reached skill level 1 in Ice Magic
   748 | D        | Reached skill level 1 in Evocations
   748 | D        | Reached XP level 8. HP: 52/52 MP: 16/27
   804 | D        | Found a blossoming altar of Fedhas.
   804 | D        | Found a stormy altar of Qazlal.
   804 | D        | Found a snail-covered altar of Cheibriados.
   804 | D        | Found a burning altar of Makhleb.
   804 | D        | Found a shimmering altar of Xom.
   805 | D        | Found a hazy altar of Hepliaklqana.
   805 | D        | Found an opulent altar of Gozag.
   805 | D        | Found a sparkling altar of Nemelex Xobeh.
   805 | D        | Found a corrupted altar of Lugonu.
   805 | D        | Found a viscous altar of Jiyva.
   822 | D        | Reached skill level 5 in Short Blades
   867 | D        | Killed a yaktaur
   904 | D        | Offered knowledge of Ignite Poison by Vehumet.
   904 | D        | Reached *** piety under Vehumet
   909 | D        | Learned a level 3 spell: Ignite Poison
  1009 | D        | Noticed a two-headed ogre
  1020 | D        | Killed a two-headed ogre
  1020 | D        | Reached skill level 14 in Spellcasting
  1020 | D        | Reached skill level 1 in Poison Magic
  1182 | D        | Noticed a two-headed ogre
  1182 | D        | Noticed Erolcha
  1190 | D        | Killed a two-headed ogre
  1190 | D        | Offered knowledge of Dazzling Spray by Vehumet.
  1190 | D        | Reached XP level 9. HP: 26/57 MP: 13/29
  1192 | D        | Killed Erolcha
  1192 | D        | Reached **** piety under Vehumet
  1192 | D        | Reached skill level 5 in Fighting
  1192 | D        | Reached skill level 5 in Armour
  1365 | D        | Reached skill level 15 in Spellcasting
  1367 | D        | Offered knowledge of Irradiate by Vehumet.
  1485 | D        | Reached ***** piety under Vehumet
  1485 | D        | Reached skill level 10 in Fire Magic
  1485 | D        | Reached skill level 5 in Ice Magic
  1488 | D        | Noticed a queen bee
  1497 | D        | Killed a queen bee
  1497 | D        | Reached ****** piety under Vehumet
  1517 | D        | Reached skill level 5 in Evocations
  1763 | D        | Offered knowledge of Iron Shot by Vehumet.
  1763 | D        | Reached XP level 10. HP: 56/66 MP: 23/31
  1771 | D        | Learned a level 6 spell: Iron Shot
  2050 | D        | Reached skill level 1 in Earth Magic
  2050 | D        | Offered knowledge of Airstrike by Vehumet.
  2141 | D        | Reached skill level 5 in Poison Magic
  2344 | D        | Learned a level 4 spell: Airstrike
  2449 | D        | Reached skill level 16 in Spellcasting
  2449 | D        | Reached skill level 1 in Air Magic
  2484 | D        | Noticed a spiny frog
  2484 | D        | Noticed a spiny frog
  2488 | D        | Killed a spiny frog
  2488 | D        | Reached skill level 10 in Conjurations
  2490 | D        | Offered knowledge of Lightning Bolt by Vehumet.
  2490 | D        | Killed a spiny frog
  2579 | D        | Learned a level 5 spell: Lightning Bolt
  2645 | D        | Killed a five-headed hydra
  2705 | D        | Noticed a lindwurm
  2714 | D        | Killed a lindwurm
  2721 | D        | Offered knowledge of Venom Bolt by Vehumet.
  2792 | D        | Killed an eight-headed hydra
  2932 | D        | Noticed Urug
  2941 | D        | Killed Urug
  2941 | D        | Reached XP level 11. HP: 48/72 MP: 16/33
  3324 | D        | Offered knowledge of Freezing Cloud by Vehumet.
  3324 | D        | Reached skill level 17 in Spellcasting
  3366 | D        | Noticed Rupert
  3379 | D        | Slain by Rupert

Vault maps used:
D:        dungeon_sprint_mu

Skill      XL: |  1  2  3  4  5  6  7  8  9 10 11 |
---------------+----------------------------------+-----
Spellcasting   | 7 10 12 13 14 15 16 17 | 17.0
Conjurations   | 3 4 5 7 8 9 10 | 10.6
Fire Magic     | 5 6 8 9 10 11 | 11.1
Fighting       | 2 4 5 6 |  6.8
Short Blades   | 3 4 5 6 7 8 |  8.1
Armour         | 2 3 4 5 6 |  6.6
Dodging        | 5 6 7 8 9 |  9.9
Ice Magic      | 1 3 5 6 7 |  7.1
Evocations     | 1 3 5 6 |  6.9
Poison Magic   | 2 4 6 |  6.5
Earth Magic    | 4 |  4.5
Air Magic      | 3 |  3.7
Stealth        | |  2.4

Action                   |  1- 3 |  4- 6 |  7- 9 | 10-12 || total
-------------------------+-------+-------+-------+-------++-------
Melee: Unarmed           |       |     1 |       |       ||     1
       Dagger            |       |     1 |     1 |    25 ||    27
 Cast: Flame Tongue      |    15 |     3 |    77 |    65 ||   160
       Conjure Flame     |     1 |     1 |    11 |     5 ||    18
       Throw Flame       |     1 |       |     1 |     2 ||     4
       Sticky Flame      |       |     3 |     9 |    17 ||    29
       Inner Flame       |       |       |     8 |     2 ||    10
       Fireball          |       |       |     2 |     2 ||     4
       Throw Frost       |       |       |       |     9 ||     9
       Iron Shot         |       |       |       |     5 ||     5
       Lightning Bolt    |       |       |       |     2 ||     2
  Use: Potion            |     1 |     3 |     4 |       ||     8
       Scroll            |       |     4 |     2 |       ||     6
 Stab: Sleeping          |       |     1 |       |     1 ||     2
  Eat: Chunk             |       |       |     1 |     4 ||     5
       Royal jelly       |       |       |     1 |       ||     1
       Fruit             |       |       |       |     2 ||     2
Armor: Robe              |       |       |     2 |     5 ||     7
Dodge: Dodged            |     1 |       |    46 |    48 ||    95
